 Dungeon Crawl Stone Soup version 0.17.0-28-g6e173f8 (webtiles) character file.

770229 RepoMan the Ruinous (level 27, -12/205 HPs)
             Began as an Octopode Wizard on Nov 16, 2015.
             Was the Champion of Dithmenos.
             Mangled by an ettin
             ... wielding a +0 dire flail
              (50 damage)
             ... while paralysed by the power of Zot
             ... on level 3 of the Realm of Zot on Nov 23, 2015.
             The game lasted 1 day 01:42:58 (116282 turns).

RepoMan the Ruinous (Octopode Wizard)         Turns: 116282, Time: 1 , 01:42:58

Health: -12/205    AC:  5    Str: 11    XL:     27
Magic:  5/66       EV:  2    Int: 48    God:    Dithmenos [******]
Gold:   10952      SH:  0    Dex: 15    Spells: 16 memorised, 2 levels left

rFire  + . .     SeeInvis +     A - staff of conjuration
rCold  + + .     Clarity  +     o - +1 buckler "Peec Tof" {rPois rCorr SInv}
rNeg   + + +     SustAt   +     a - +2 hat {SInv}
rPois  +         Gourm    .     i - amulet of the Four Winds {Clar rN+ MR+++}
rElec  +         Spirit   .     T - ring "Buti" {rN+ Int+4}
rCorr  +         Warding  .     R - ring of protection from fire
rMut   .         Stasis   .     X - ring "Exkeraor" {rElec rC+ MP+9 Int+4}
MR     +++++                    K - ring "Aleim" {rF- rN+ Str+6 Int+7}
Stlth  ++++++++++               N - ring "Faatub Him" {Wiz rElec rF+ rC- Dex+3}
                                q - ring of protection from cold
                                l - ring of Sunlight {SustAt rElec rC+ MP+9}
                                u - +5 ring of evasion

@: paralysed, wreathed by umbra, studying Fighting, deflect missiles, almost
entirely resistant to hostile enchantments, uncannily stealthy
A: almost no armour, amphibious, 8 rings, constrict 8, tentacle spike 2, large
bone plates 1, camouflage 1, gelatinous body 1
a: Shadow Step, Shadow Form, Renounce Religion
}: 5/15 runes: barnacled, slimy, silver, golden, gossamer


You were on level 3 of the Realm of Zot.
You worshipped Dithmenos.
Dithmenos was exalted by your worship.
You were hungry.

You visited 13 branches of the dungeon, and saw 64 of its levels.
You visited the Abyss 2 times.
You also visited: Ossuary, Ice Cave and Volcano.

You collected 12640 gold pieces.
You spent 1688 gold pieces at shops.

Inventory:

Hand Weapons
 r - the +6 Majin-Bo {vamp, Archmagi MP+6 Int+6}
   (You found it on level 3 of the Tomb of the Ancients)

   It inflicts no extra harm, but heals its wielder somewhat when it strikes a
   living foe.
   It affects your intelligence (+6).
   It affects your magic capacity (+6).
 w - the cursed +1 great mace "Worm's Wrath" {drain, rC- Int+7, unknown}
   (You found it on level 2 of the Realm of Zot)

   A truly terrible weapon, it drains the life of those it strikes.
   It affects your intelligence (+7).
   It makes you vulnerable to cold.
   It has a curse placed upon it.
Missiles
 F - 14 throwing nets (quivered)
Armour
 a - a +2 hat of see invisible (worn)
 o - the +1 buckler "Peec Tof" (worn) {rPois rCorr SInv}
   (You found it on level 3 of the Tomb of the Ancients)

   It protects you from poison.
   It lets you see invisible.
   It protects you from acid and corrosion.
Magical Staves
 p - an uncursed staff of energy
 A - an uncursed staff of conjuration (weapon)
Jewellery
 i - the amulet of the Four Winds (around mantle) {Clar rN+ MR+++}
   (You took it off a salamander stormcaller on level 5 of the Vaults)

   [amulet of clarity]

   It provides mental clarity.
   It protects you from negative energy.
   It affects your resistance to hostile enchantments.
 j - an uncursed ring of teleportation
 l - the ring of Sunlight (on tentacle) {SustAt rElec rC+ MP+9}
   (You found it on level 7 of the Lair of Beasts)

   [ring of sustain attributes]

   It sustains your strength, intelligence and dexterity.
   It protects you from cold.
   It insulates you from electricity.
   It affects your magic capacity (+9).
 n - an uncursed amulet of stasis
 q - a ring of protection from cold (on tentacle)
 u - a +5 ring of evasion (on tentacle)
 K - the ring "Aleim" (on tentacle) {rF- rN+ Str+6 Int+7}
   (You took it off an ancient champion on level 3 of the Crypt)

   [ring of positive energy]

   It affects your strength (+6).
   It affects your intelligence (+7).
   It makes you vulnerable to fire.
   It protects you from negative energy.
 L - an uncursed ring of flight
 N - the ring "Faatub Him" (on tentacle) {Wiz rElec rF+ rC- Dex+3}
   (You acquired it on level 2 of the Elven Halls)

   [ring of wizardry]

   It improves your spell success rate.
   It affects your dexterity (+3).
   It protects you from fire.
   It makes you vulnerable to cold.
   It insulates you from electricity.
 R - a ring of protection from fire (right tentacle)
 T - the ring "Buti" (left tentacle) {rN+ Int+4}
   (You found it on level 3 of the Crypt)

   [ring of positive energy]

   It affects your intelligence (+4).
   It protects you from negative energy.
 X - the ring "Exkeraor" (on tentacle) {rElec rC+ MP+9 Int+4}
   (You found it on level 3 of the Crypt)

   [ring of magical power]

   It affects your intelligence (+4).
   It protects you from cold.
   It insulates you from electricity.
   It affects your magic capacity (+9).
Wands
 b - a wand of teleportation (1)
 M - a wand of digging (5)
Scrolls
 c - a scroll of holy word
 g - a scroll of amnesia
 m - 12 scrolls of magic mapping
 t - a scroll of teleportation
 x - 30 scrolls of remove curse
 y - 11 scrolls of recharging
 W - 8 scrolls of identify
Potions
 d - a potion of heal wounds
 e - 5 potions of brilliance
 f - 4 potions of curing
 k - a potion of cancellation
 v - 2 potions of resistance
 G - a potion of haste
 J - a potion of flight
 P - 2 potions of invisibility
 Q - 8 potions of agility
Books
 C - a manual of Fighting
Miscellaneous
 H - a lantern of shadows
Comestibles
 h - 7 meat rations
 s - a slice of pizza
 z - a chunk of flesh


   Skills:
 + Level 21.2 Fighting
 + Level 20.0 Dodging
 - Level 11.5 Stealth
 * Level 5.5 Shields
 - Level 0.8 Unarmed Combat
 * Level 21.4 Spellcasting
 + Level 24.0 Conjurations
 - Level 2.0 Hexes
 - Level 13.1 Charms
   Level 1.0 Summonings
 - Level 5.0 Necromancy
 - Level 10.4 Translocations
 - Level 2.9 Transmutations
 + Level 10.8 Ice Magic
 * Level 21.5 Earth Magic
 - Level 9.0 Evocations


You had 2 spell levels left.
You knew the following spells:

 Your Spells              Type           Power        Failure   Level  Hunger
a - Magic Dart            Conj           ####         0%          1    None
b - Blink                 Tloc           N/A          0%          2    None
c - Ozocubu's Armour      Chrm/Ice       ########     0%          3    None
d - Iron Shot             Conj/Erth      #########.   0%          6    None
f - Phase Shift           Tloc           ########..   1%          5    None
g - Apportation           Tloc           ########..   0%          1    None
h - Gell's Gravitas       Hex/Tloc       #######...   1%          3    None
i - Irradiate             Conj/Trmt      ########..   1%          5    None
l - Lee's Rapid Deconstr  Erth           ########..   0%          5    None
m - Deflect Missiles      Chrm/Air       #######...   1%          6    None
o - Iskenderun's Battles  Conj/Chrm      ########     0%          5    None
p - Petrify               Trmt/Erth      ########     1%          4    None
q - Freezing Cloud        Conj/Ice/Air   ########..   1%          6    None
r - Regeneration          Chrm/Necr      #######...   1%          3    None
s - Shatter               Erth           ########..   2%          9    None
u - Sublimation of Blood  Necr           #######...   1%          2    None


Dungeon Overview and Level Annotations

Branches:
Dungeon (15/15)            Temple (1/1) D:5            Lair (8/8) D:10
 Shoals (4/4) Lair:6       Spider (4/4) Lair:3        Slime (6/6) Lair:6
    Orc (4/4) D:10            Elf (3/3) Orc:3        Vaults (5/5) D:13
  Crypt (3/3) Vaults:2       Tomb (3/3) Crypt:3      Depths (5/5) D:15
    Zot (3/5) Depths:5

Altars:
Ashenzari
Cheibriados
Dithmenos
Elyvilon
Fedhas
Gozag
Kikubaaqudgha
Makhleb
Nemelex Xobeh
Okawaru
Qazlal
Ru
Sif Muna
Trog
Vehumet
Xom
Yredelemnul
Zin
The Shining One
Beogh
Jiyva

Shops:
D:9 !   Orc:4 [[!   Elf:2 =   Elf:3 *}   Vaults:1 *   Vaults:2 }[(
Vaults:5 ?%?%%%!%

Portals:
Hell: Depths:1 Depths:2 Depths:3 Depths:4 Depths:5
Abyss: Depths:4
Pandemonium: Depths:2 Depths:3 Depths:5
Ziggurat: Depths:5

Annotations:
Lair:1 exclusion: oklob plant
Lair:7 exclusion: oklob plant


Innate Abilities, Weirdness & Mutations

You cannot wear most types of armour.
You are amphibious.
You can wear up to eight rings at the same time.
You can use your tentacles to constrict eight enemies at once.
Your skin changes colour to match your surroundings (Stealth).
Your rubbery body absorbs attacks (AC +1).
One of your tentacles bears a nasty spike.
You are partially covered in large bone plates (AC +2, SH +2).


Message History

Dithmenos accepts your kill.
Casting: Magic Dart
Confirm with . or Enter, or press ? or * to list all spells.
You blink.
A fire dragon and an ettin come into view.
The fire dragon breathes flames at you. The blast of flame misses you.
Your skin stops crawling.
The power of Zot is invoked against you!
You suddenly lose the ability to move!
The ettin barely misses your battlesphere.
The ettin hits your battlesphere with a dire flail!!
Your battlesphere is destroyed!
The ettin hits you with a dire flail!!!
The ettin hits you with an enchanted great mace!!
You hear a shout! x2
The ettin hits you with a dire flail!!
* * * LOW HITPOINT WARNING * * *
The ettin hits you with an enchanted great mace!!!
You die...

#...# ##)..##
##..# ##. #.>##
##...## ##†)##
#. #..# ##...##
#.)## # #..#
##....# ##)##
#..# #...###
##..# #<.# #.).#
##..)# #..#
#.).# ###D.#.##
#..# ##.)##
##.C.....# #..#
#....#
#@C####...# #..#
##..###...##
##...# #..# #..#
#..## #.... #..#
#..###.# #.#..
#..# #......#
..#.
#..######......#
..
#..........###.#
#<.........# #
#..######..#


You could see a fire dragon and 2 ettins.

Vanquished Creatures
  the royal jelly (Slime:6)
  Khufu (Tomb:3)
  6 ancient liches
  Mara (Elf:3)
  3 juggernauts
  30 greater mummies
  Sojobo (Vaults:3)
  Frederick (Vaults:2)
  Margery (Vaults:3)
  Norris (Vaults:3)
  Saint Roka (Depths:2)
  A Killer Klown (Zot:2)
  8 golden dragons
  Jory (Depths:3)
  Xtahua (Vaults:2)
  Arachne (Spider:2)
  2 bone dragons
  An electric golem (Zot:3)
  Jorgrun (Depths:1)
  12 liches
  Rupert (Lair:4)
  10 tentacled monstrosities
  A shard shrike skeleton (Crypt:3)
  2 deep elf master archers (Elf:3)
  9 titans
  2 deep elf blademasters (Elf:3)
  2 quicksilver dragons
  2 krakens (Shoals:4)
  6 death cobs
  Polyphemus (Shoals:4)
  5 tentacled starspawn (Abyss:1)
  Gastronok (D:9)
  8 sphinxes
  39 acid blobs
  Agnes (Spider:4)
  A storm dragon (shapeshifter) (Vaults:5)
  Kirke (D:12)
  6 storm dragons
  9 ancient champions
  4 shadow dragons (Vaults:5)
  10 tengu reavers
  2 Executioners (Abyss:1)
  23 azure jellies
  2 draconian monks
  2 revenants
  Roxanne (Elf:2)
  Ilsuiw (Shoals:4)
  Wiglaf (Crypt:1)
  5 ghost moths (Spider:4)
  7 fire giants
  Donald (Orc:3)
  A draconian knight (Depths:5)
  2 balrugs
  9 deep elf sorcerers
  13 frost giants
  An iron dragon (Depths:4)
  Aizul (Elf:3)
  Louise (Depths:4)
  5 emperor scorpions (Spider:4)
  2 draconian zealots
  6 curse skulls
  2 draconian scorchers (Zot:2)
  A caustic shrike zombie (Crypt:1)
  2 orc warlords (Depths:3)
  19 vault wardens
  2 draconian shifters (Zot:2)
  The ghost of kasmir the Executioner, a journeyman MiBe of Trog (Spider:4)
  4 ghouls
  4 spriggan defenders
  A war gargoyle (Vaults:5)
  A frost giant (shapeshifter) (Vaults:5)
  11 very ugly things
  16 ironheart preservers
  2 draconian annihilators
  A draconian caller (Depths:5)
  27 stone giants
  4 green draconians
  Nessos (Lair:5)
  4 black draconians
  2 bennus (Tomb:2)
  4 white draconians
  12 deep elf annihilators
  6 red draconians
  Azrael (Elf:2)
  3 salamander stormcallers
  8 vampire knights
  5 mottled draconians
  12 deep elf demonologists
  A lorocyproca (Abyss:1)
  3 yellow draconians
  4 eidola
  2 purple draconians
  5 deep elf death magi
  45 vault guards
  9 merfolk javelineers
  20 ettins
  8 jiangshi
  A blizzard demon (Abyss:1)
  10 merfolk impalers
  18 death oozes
  20 mummy priests
  19 fire dragons
  18 yaktaur captains
  A green death (Abyss:1)
  5 rakshasas
  Josephine (Lair:5)
  4 deep elf high priests
  Erolcha (D:8)
  13 hydras
  Harold (Orc:1)
  13 great orbs of eyes
  11 ice dragons
  3 satyrs
  10 entropy weavers
  19 ogre magi
  4 spriggan air magi
  2 anacondas (Depths:3)
  10 centaur warriors
  An alligator snapping turtle (Shoals:3)
  15 dancing weapons
  4 vampire magi
  5 merfolk avatars
  A queen ant (shapeshifter) (Vaults:5)
  14 deep troll earth magi
  3 catoblepae
  3 merfolk aquamancers (Shoals:4)
  9 deep troll shamans
  15 death yaks
  A titan zombie (Tomb:1)
  4 orc high priests
  6 tengu warriors
  Urug (D:11)
  A spriggan berserker (Depths:4)
  3 soul eaters
  Sonja (D:13)
  Nergalle (Orc:3)
  16 hell knights
  40 deep elf knights
  3 fire crabs
  8 wretched stars (Abyss:1)
  4 thrashing horrors (Abyss:1)
  A storm dragon skeleton (Crypt:2)
  11 large abominations
  A golden dragon zombie (Crypt:2)
  A fire crab (shapeshifter) (Vaults:4)
  57 death scarabs
  7 giant orange brains
  46 skeletal warriors
  3 shadow wraiths
  An anubis guard (shapeshifter) (Depths:5)
  29 deep trolls
  2 flayed ghosts (Crypt:2)
  6 unseen horrors
  6 lindwurms
  2 ice devils
  17 harpies
  14 deep elf summoners
  8 phantasmal warriors
  2 harpies (shapeshifter)
  12 sea snakes
  A gelid demonspawn (Depths:5)
  An obsidian statue (D:13)
  11 ironbrand convokers
  2 wizards
  16 anubis guards
  15 hill giants
  A deep troll (shapeshifter) (Depths:4)
  18 orb spiders
  22 orc knights
  25 ugly things
  14 manticores
  26 wolf spiders
  16 griffons
  7 shining eyes
  An orb spider (shapeshifter) (Depths:3)
  12 necromancers
  A stone giant zombie (Tomb:3)
  13 deep elf conjurers
  2 sixfirhies (Abyss:1)
  3 worldbinders (Abyss:1)
  8 hornets
  2 frost giant zombies (Vaults:3)
  9 orc sorcerers
  9 fauns
  8 black mambas
  2 salamanders
  8 water nymphs
  An iron dragon skeleton (Crypt:2)
  A salamander (shapeshifter) (Vaults:2)
  A naga mage (Abyss:1)
  15 cyclopes
  Maurice (D:12)
  4 smoke demons (Abyss:1)
  22 moths of wrath
  12 sirens
  A guardian serpent (Abyss:1)
  13 elephants
  2 gargoyles
  2 ice statues (IceCv)
  5 eyes of devastation
  16 vault sentinels
  A spiny frog (shapeshifter) (Elf:2)
  An alligator snapping turtle zombie (Crypt:3)
  An apocalypse crab (Abyss:1)
  A storm dragon simulacrum (Crypt:2)
  An emperor scorpion zombie (Crypt:2)
  14 spiny frogs
  4 torpor snails
  A mottled draconian zombie (Crypt:1)
  A shock serpent skeleton (Crypt:1)
  A red draconian zombie (Crypt:2)
  10 komodo dragons
  5 kobold demonologists
  73 yaktaurs
  3 orange demons
  14 starcursed masses (Abyss:1)
  11 demonic crawlers
  2 efreet
  7 freezing wraiths
  3 fire drakes
  A mottled draconian skeleton (Crypt:3)
  A yellow draconian skeleton (Crypt:1)
  A komodo dragon (shapeshifter) (Vaults:4)
  42 guardian mummies
  A human skeleton (Vaults:4)
  4 trolls
  8 tengu conjurers
  42 two-headed ogres
  12 ancient zymes (Abyss:1)
  21 deep elf priests
  3 harpy zombies (Shoals:4)
  41 merfolk
  A red devil (D:13)
  A wind drake (Shoals:3)
  4 blink frogs (D:10)
  28 jumping spiders
  A blue devil (D:13)
  88 slime creatures
  4 raiju (Abyss:1)
  A fire dragon zombie (Crypt:2)
  A hydra skeleton (Crypt:2)
  2 polar bears
  2 bog bodies (Crypt:2)
  9 ushabtiu
  A giant leech (shapeshifter) (Elf:2)
  A frost giant simulacrum (Vaults:4)
  2 griffon zombies (Shoals:4)
  A fire giant simulacrum (Vaults:3)
  5 boulder beetles
  23 flying skulls
  29 deep elf magi
  A fire dragon skeleton (Tomb:1)
  54 redbacks
  4 vampires
  10 wraiths
  13 water elementals
  2 spriggans (Depths:3)
  24 trapdoor spiders
  7 air elementals
  37 yaks
  24 tarantellas
  7 shadows
  11 snapping turtles
  41 deep elf fighters
  2 hogs
  2 chaos spawn
  A human (shapeshifter) (Vaults:5)
  2 humans (D:13)
  9 vampire mosquitoes
  Eustachio (D:11)
  A hog (shapeshifter) (Vaults:5)
  A human simulacrum (Vaults:3)
  2 wyverns
  7 ynoxinuls (Abyss:1)
  20 golden eyes
  3 mottled dragons (Vaults:2)
  Grum (D:8)
  8 wargs
  6 basilisks
  2 fire bats (Volcano)
  15 hippogriffs
  A naga (Abyss:1)
  20 wolves
  7 neqoxecs (Abyss:1)
  5 fire elementals (Elf:2)
  3 hungry ghosts
  2 soldier ants
  A harpy simulacrum (Depths:3)
  12 swamp worms (Spider:2)
  3 hell hounds (Elf:2)
  A merfolk zombie (Crypt:2)
  A naga (shapeshifter) (Vaults:5)
  18 spiders
  A spiny frog zombie (Crypt:3)
  11 porcupines
  51 orc warriors
  22 water moccasins
  A torturous demonspawn skeleton (Crypt:2)
  18 ice beasts
  3 phantoms
  4 sky beasts
  A manticore zombie (Crypt:2)
  A hornet simulacrum (D:15)
  A spiny frog skeleton (Abyss:1)
  5 eyes of draining
  4 wasps
  4 black bears
  An ettin simulacrum (Crypt:2)
  2 necrophages
  12 boggarts
  A snapping turtle skeleton (Tomb:3)
  17 crocodiles
  75 ogres
  A swamp dragon skeleton (Crypt:3)
  17 centaurs
  A brain worm (Abyss:1)
  An elf zombie (Crypt:2)
  13 big kobolds
  Blork the orc (D:11)
  20 giant frogs
  2 glowing shapeshifter simulacra
  A wyvern zombie (D:14)
  A salamander skeleton (Crypt:3)
  11 scorpions
  2 boulder beetle zombies (Crypt:1)
  4 electric eels
  9 wights
  11 killer bees
  11 crimson imps
  4 human zombies
  3 centaur zombies
  A gnoll shaman (D:6)
  33 jellies
  A wasp zombie (Crypt:3)
  10 iguanas
  3 quasits
  19 hounds
  10 centaur skeletons
  Crazy Yiuf (D:2)
  2 giant frog zombies
  3 giant frog skeletons
  An iron imp (D:13)
  37 orc priests
  Jessica (D:2)
  5 worker ants
  39 orc wizards
  13 small abominations
  A spriggan simulacrum (Abyss:1)
  4 hell rats (Lair:4)
  53 sheep
  A tengu zombie (Crypt:2)
  A naga zombie (Crypt:2)
  66 mummies
  2 hound zombies
  3 hound skeletons
  A worker ant zombie (D:8)
  Robin (D:3)
  16 gnolls
  A swamp drake zombie (Crypt:2)
  14 adders
  71 river rats
  10 shadow imps
  5 white imps
  4 ufetubi
  A lava snake zombie (Crypt:1)
  An ooze (D:1)
  2 adder skeletons
  12 worms
  11 giant geckos
  224 orcs
  A ball python (D:5)
  10 giant cockroaches
  26 goblins
  9 hobgoblins
  9 jackals
  37 kobolds
  8 quokkas
  13 bats
  5 giant newts
  A gnoll skeleton (Ossuary)
  4 goblin skeletons (Ossuary)
  A goblin zombie (D:5)
  A hobgoblin skeleton (Crypt:2)
  A kobold skeleton (Ossuary)
  An orc skeleton (Ossuary)
  An orc zombie (D:5)
  3 quokka skeletons
  A quokka zombie (D:8)
  18 rats
  11 rat skeletons (Ossuary)
  2 crawling corpses
  A fulminant prism (Vaults:5)
  3 fungi (Lair:8)
  3 plants
  A tentacle (Shoals:4)
3583 creatures vanquished.

Vanquished Creatures (collateral kills)
  An ice dragon (IceCv)
  A deep elf conjurer (Elf:3)
  A wizard (D:15)
  A deep elf mage (Elf:3)
  A wyvern zombie (D:6)
  A scorpion (D:5)
  An orc wizard (D:5)
  2 orcs (D:7)
9 creatures vanquished.

Vanquished Creatures (others)
  5 death scarabs (Tomb:3)
  A hill giant (D:15)
  An anaconda skeleton (Tomb:3)
  A griffon (Vaults:2)
  A guardian mummy (Tomb:2)
  A two-headed ogre (Vaults:4)
  6 flying skulls
  A large abomination (D:13)
  2 humans (D:12)
  A necrophage (D:12)
  An ogre (Depths:3)
  A crocodile (Lair:3)
  A giant frog (Lair:4)
  A scorpion (Lair:3)
  An orc wizard (D:12)
  3 mummies
  2 shadow imps (D:13)
  2 white imps (D:13)
  2 ufetubi (D:13)
  3 orcs
  A kobold skeleton (Ossuary)
  10 fulminant prisms
  19 fungi
  3 lost souls
  A lurking horror (Abyss:1)
  58 plants
  14 starspawn tentacles (Abyss:1)
  303 starspawn tentacle segments (Abyss:1)
  10 tentacles (Shoals:4)
  167 tentacle segments (Shoals:4)
623 creatures vanquished.

Grand Total: 4215 creatures vanquished

Notes
Turn   | Place    | Note
--------------------------------------------------------------
     0 | D:1      | RepoMan the Octopode Wizard began the quest for the Orb.
     0 | D:1      | Reached XP level 1. HP: 11/11 MP: 4/4
   184 | D:1      | Reached XP level 2. HP: 9/17 MP: 0/6
   247 | D:1      | Learned a level 2 spell: Blink
   727 | D:1      | Reached XP level 3. HP: 21/21 MP: 0/8
   900 | D:1      | Learned a level 2 spell: Call Imp
  1123 | D:1      | You fall through a shaft!
  1432 | D:1      | Reached skill level 4 in Spellcasting
  1858 | D:2      | Noticed Jessica
  1865 | D:2      | Killed Jessica
  1865 | D:2      | Reached XP level 4. HP: 25/27 MP: 5/10
  1874 | D:2      | Learned a level 2 spell: Slow
  1877 | D:2      | Learned a level 2 spell: Repel Missiles
  2304 | D:2      | Noticed Crazy Yiuf
  2487 | D:2      | Killed Crazy Yiuf
  2487 | D:2      | Reached XP level 5. HP: 32/32 MP: 2/11
  3027 | D:3      | Found a shadowy altar of Dithmenos.
  3031 | D:3      | Became a worshipper of Dithmenos the Shadowed
  3093 | D:3      | Noticed Robin
  3205 | D:3      | Learned a level 3 spell: Mephitic Cloud
  3343 | D:3      | Killed Robin
  3656 | D:3      | Reached * piety under Dithmenos
  3973 | D:3      | Reached XP level 6. HP: 37/37 MP: 7/13
  4663 | D:4      | Found a basalt altar of Yredelemnul.
  4747 | D:4      | HP: 1/37 [phantom (9)]
  5168 | D:4      | Reached skill level 5 in Spellcasting
  5379 | D:4      | Got an iridescent dagger
  5385 | D:4      | Identified the +5 dagger of the Establishment {pierce, Int+3} (You found it on level 4 of the Dungeon)
  5469 | D:4      | Found a sparkling altar of Nemelex Xobeh.
  5470 | D:4      | Found a white marble altar of Elyvilon.
  5471 | D:4      | Found a sacrificial altar of Ru.
  6004 | D:5      | Entered Level 5 of the Dungeon
  6040 | D:5      | Reached XP level 7. HP: 42/42 MP: 9/14
  6270 | D:5      | Found a sand-covered staircase.
  6348 | Ossuary  | Entered an ossuary
  6637 | Ossuary  | Reached skill level 1 in Charms
  7080 | Ossuary  | Reached skill level 5 in Conjurations
  7133 | Ossuary  | Reached ** piety under Dithmenos
  7743 | D:5      | Reached XP level 8. HP: 44/47 MP: 10/16
  7796 | D:5      | Reached skill level 6 in Conjurations
  8061 | D:5      | Found a staircase to the Ecumenical Temple.
  8067 | Temple   | Entered the Ecumenical Temple
  8623 | D:5      | Reached skill level 1 in Fighting
  8929 | D:6      | Reached *** piety under Dithmenos
  9191 | D:6      | Reached skill level 7 in Conjurations
  9283 | D:6      | Found an iron altar of Okawaru.
  9435 | D:6      | Reached XP level 9. HP: 24/55 MP: 5/18
 10262 | D:6      | Found a glowing golden altar of the Shining One.
 11291 | D:7      | Reached skill level 8 in Conjurations
 12309 | D:8      | Reached XP level 10. HP: 55/64 MP: 13/20
 12436 | D:8      | Noticed Grum
 12451 | D:8      | Reached skill level 5 in Dodging
 12453 | D:8      | Reached **** piety under Dithmenos
 12466 | D:8      | Reached skill level 9 in Conjurations
 12647 | D:8      | Killed Grum
 12695 | D:8      | Noticed an efreet
 13262 | D:8      | Noticed a komodo dragon
 13288 | D:8      | Killed a komodo dragon
 13288 | D:8      | Reached skill level 5 in Fighting
 13513 | D:8      | Noticed Erolcha
 13526 | D:8      | Killed Erolcha
 13526 | D:8      | Reached skill level 10 in Conjurations
 14000 | D:8      | Reached ***** piety under Dithmenos
 14663 | D:8      | Reached XP level 11. HP: 72/72 MP: 20/23
 14693 | D:8      | Killed an efreet
 15785 | D:9      | Found Ozoid's Distillery.
 15914 | D:9      | Bought a potion of cancellation for 80 gold pieces
 15914 | D:9      | Bought a potion of lignification for 30 gold pieces
 16000 | D:9      | Learned a level 5 spell: Irradiate
 16007 | D:9      | Noticed Gastronok
 16308 | D:10     | Entered Level 10 of the Dungeon
 16649 | D:10     | Reached skill level 11 in Conjurations
 16653 | D:10     | Reached skill level 1 in Transmutations
 16661 | D:10     | Noticed a two-headed hydra
 16820 | D:10     | Killed a two-headed hydra
 16991 | D:10     | Found a staircase to the Orcish Mines.
 17035 | D:10     | Noticed a hill giant
 17190 | D:10     | Killed a hill giant
 17337 | D:10     | Noticed a hill giant
 17349 | D:10     | Killed a hill giant
 17726 | D:10     | Noticed a hill giant
 17734 | D:10     | Killed a hill giant
 18045 | D:10     | Found a staircase to the Lair.
 18162 | D:10     | Learned a level 4 spell: Petrify
 18365 | D:10     | Reached XP level 12. HP: 63/81 MP: 11/25
 18492 | D:11     | Noticed Eustachio
 18492 | D:11     | Noticed Blork the orc
 18554 | Lair:1   | Entered Level 1 of the Lair of Beasts
 19106 | Lair:1   | Found a sacrificial altar of Ru.
 19233 | Lair:1   | Reached skill level 12 in Conjurations
 19461 | Lair:1   | Noticed a five-headed hydra
 19474 | Lair:1   | Killed a five-headed hydra
 21426 | Lair:2   | Learned a level 2 spell: Sublimation of Blood
 21500 | Lair:2   | Reached skill level 1 in Earth Magic
 21885 | Lair:3   | Reached skill level 1 in Necromancy
 21893 | Lair:3   | Gained mutation: You are agile. (Dex +2) [potion of beneficial mutation]
 21908 | Lair:3   | Noticed a seven-headed hydra
 22314 | Lair:3   | Noticed an eight-headed hydra
 22320 | Lair:3   | Killed an eight-headed hydra
 22320 | Lair:3   | Reached skill level 5 in Charms
 22320 | Lair:3   | Reached XP level 13. HP: 88/88 MP: 11/26
 22411 | Lair:3   | Found a hole to the Spider Nest.
 22952 | Lair:3   | Reached ****** piety under Dithmenos
 23267 | Lair:3   | Killed a seven-headed hydra
 24106 | Lair:4   | Learned a level 3 spell: Ozocubu's Armour
 24264 | Lair:4   | Found a white marble altar of Elyvilon.
 24340 | Lair:4   | Noticed Rupert
 24389 | Lair:4   | Paralysed by Rupert for 4 turns
 24409 | Lair:4   | Killed Rupert
 24860 | Lair:4   | Reached skill level 13 in Conjurations
 26166 | Lair:5   | Noticed Nessos
 26188 | Lair:5   | Killed Nessos
 26236 | Lair:5   | Noticed Josephine
 26379 | Lair:5   | Reached skill level 5 in Earth Magic
 26459 | Lair:5   | Reached skill level 1 in Hexes
 27032 | Lair:5   | Killed Josephine
 27201 | Lair:5   | Got a wavering amethyst amulet
 27204 | Lair:5   | Identified the amulet "Ogikhiub" {rCorr rC+++ MP-9 Str+2 Stlth+} (You found it on level 5 of the Lair of Beasts)
 27705 | Lair:5   | Reached skill level 10 in Spellcasting
 28238 | Lair:6   | Found a viscous altar of Jiyva.
 28238 | Lair:6   | Found a staircase to the Slime Pits.
 28423 | Lair:2   | Learned a level 4 spell: Throw Icicle
 28529 | D:11     | Noticed a centaur warrior
 28683 | D:11     | Killed a centaur warrior
 28984 | D:11     | Killed Blork the orc
 29356 | D:11     | Reached XP level 14. HP: 97/97 MP: 19/28
 29683 | D:11     | Noticed Urug
 29688 | D:11     | Killed Eustachio
 29703 | D:11     | Killed Urug
 30550 | D:12     | Noticed Kirke
 30559 | D:12     | Killed Kirke
 30835 | D:12     | Got a wavering pewter ring
 31013 | D:12     | Noticed Maurice
 31018 | D:12     | Killed Maurice
 31259 | D:12     | Identified the ring "Mockiw" {+Fly rPois rC+ Int-5 Dex+3} (You found it on level 12 of the Dungeon)
 31500 | D:13     | Noticed Sonja
 32256 | D:13     | Found a gate to the Vaults.
 32305 | D:13     | Killed Sonja
 32386 | D:13     | Reached skill level 14 in Conjurations
 32624 | D:13     | Learned a level 2 spell: Sticks to Snakes
 32868 | D:13     | Found a basalt altar of Yredelemnul.
 33092 | D:14     | Found a frozen archway.
 33165 | IceCv    | Entered an ice cave
 34698 | D:14     | Reached XP level 15. HP: 103/103 MP: 14/29
 34920 | D:15     | Entered Level 15 of the Dungeon
 35097 | D:15     | Reached skill level 10 in Dodging
 35341 | D:15     | Found a basalt altar of Yredelemnul.
 35837 | D:15     | Found a staircase to the Depths.
 36315 | D:13     | Reached skill level 10 in Fighting
 37439 | Lair:6   | HP: 4/103 [six-headed hydra (5)]
 38275 | Lair:6   | Found a staircase to the Shoals.
 38914 | Lair:6   | Reached skill level 5 in Translocations
 39552 | Lair:7   | Reached skill level 15 in Conjurations
 39926 | Lair:7   | Learned a level 4 spell: Iskenderun's Mystic Blast
 39934 | Lair:7   | Learned a level 6 spell: Iron Shot
 39963 | Lair:7   | Got a steaming lead ring
 39964 | Lair:7   | Identified the ring of Sunlight {SustAt rElec rC+ MP+9} (You found it on level 7 of the Lair of Beasts)
 40473 | Lair:8   | Entered Level 8 of the Lair of Beasts
 41893 | Lair:8   | Reached XP level 16. HP: 106/110 MP: 9/31
 43677 | Lair:5   | Got an iridescent short sword
 43703 | Lair:5   | Upgraded the game from 0.17.0-24-gcfadda4 to 0.17.0-26-gececa24
 43843 | Lair:2   | Learned a level 5 spell: Phase Shift
 44011 | Orc:1    | Entered Level 1 of the Orcish Mines
 44398 | Orc:1    | Noticed Harold
 44403 | Orc:1    | Killed Harold
 44738 | Orc:2    | Found a roughly hewn altar of Beogh.
 44814 | Orc:2    | Found a dark tunnel.
 44900 | Volcano  | Entered a volcano
 46001 | Orc:3    | Noticed Nergalle
 46195 | Orc:3    | Killed Nergalle
 46198 | Orc:3    | Noticed Donald
 46205 | Orc:3    | Killed Donald
 46424 | Orc:3    | Found a staircase to the Elven Halls.
 46723 | Orc:4    | Entered Level 4 of the Orcish Mines
 47356 | Orc:4    | Found a roughly hewn altar of Beogh.
 47672 | Orc:4    | Paralysed by an orc sorcerer for 5 turns
 48098 | Orc:4    | Found Bicoloq's Distillery.
 48098 | Orc:4    | Found Fiem's Armour Emporium.
 48107 | Orc:4    | Found Gufoppigg's Book Shop.
 48108 | Orc:4    | Found Iggoif's Antique Armour Shop.
 48609 | Elf:1    | Entered Level 1 of the Elven Halls
 49703 | Elf:1    | Cast into the Abyss (a deep elf sorcerer)
 49820 | Abyss:1  | Noticed a lich
 49863 | Abyss:1  | Noticed a tentacled starspawn
 50216 | Abyss:1  | Noticed a tentacled starspawn
 50299 | Abyss:1  | Found a corrupted altar of Lugonu.
 50324 | Abyss:1  | Noticed a profane servitor
 50525 | Abyss:1  | Noticed an Executioner
 50612 | Abyss:1  | Noticed a tentacled starspawn
 50800 | Abyss:1  | Noticed a lich
 50807 | Abyss:1  | Killed a lich
 50807 | Abyss:1  | Reached XP level 17. HP: 37/117 MP: 0/32
 51228 | Abyss:1  | Found a corrupted altar of Lugonu.
 51327 | Abyss:1  | Found a corrupted altar of Lugonu.
 51425 | Abyss:1  | Found a corrupted altar of Lugonu.
 51553 | Abyss:1  | Found a viscous altar of Jiyva.
 51556 | Abyss:1  | Reached skill level 16 in Conjurations
 51720 | Abyss:1  | Found a corrupted altar of Lugonu.
 51813 | Abyss:1  | Found a corrupted altar of Lugonu.
 51901 | Abyss:1  | Found a corrupted altar of Lugonu.
 52032 | Abyss:1  | Gained mutation: You tend to lose your temper in combat. [a neqoxec]
 52124 | Abyss:1  | Found a shimmering altar of Xom.
 52460 | Abyss:1  | Reached skill level 10 in Earth Magic
 52524 | Abyss:1  | Found a corrupted altar of Lugonu.
 52857 | Abyss:1  | Reached skill level 10 in Charms
 52972 | Abyss:1  | Found a stormy altar of Qazlal.
 53227 | Elf:1    | Escaped the Abyss
 54454 | Elf:1    | Learned a level 1 spell: Apportation
 55057 | Elf:2    | Noticed Roxanne
 55330 | Elf:2    | Killed Roxanne
 55373 | Elf:2    | Learned a level 2 spell: Stoneskin
 55774 | Elf:2    | Reached XP level 18. HP: 113/125 MP: 5/34
 56073 | Elf:2    | Identified 2 scrolls of acquirement
 56077 | Elf:2    | Got a bloodstained hunting sling
 56079 | Elf:2    | Got a wavering amber ring
 56083 | Elf:2    | Identified the ring "Faatub Him" {Wiz rElec rF+ rC- Dex+3} (You acquired it on level 2 of the Elven Halls)
 56235 | Elf:2    | Found a huge runed gate.
 56235 | Elf:2    | Found a huge runed gate.
 56235 | Elf:2    | Found a huge runed gate.
 56235 | Elf:2    | Found a huge runed gate.
 56242 | Elf:2    | Found a huge runed gate.
 56247 | Elf:2    | Got a slimy mace
 56673 | Elf:2    | Noticed Azrael
 56693 | Elf:2    | Killed Azrael
 57381 | Elf:2    | Found Jaute's Jewellery Shoppe.
 57513 | Elf:3    | Entered Level 3 of the Elven Halls
 57522 | Elf:3    | Found Cuthrerekk's Commerce Corner.
 57577 | Elf:3    | Reached skill level 17 in Conjurations
 58292 | Elf:3    | Found Jeakhlaoll's Gadget Emporium.
 58488 | Elf:3    | Noticed Mara
 58498 | Elf:3    | Noticed RepoMan's illusion
 58525 | Elf:3    | Noticed Aizul
 58808 | Elf:3    | Killed Aizul
 59372 | Elf:3    | Reached XP level 19. HP: 132/132 MP: 35/35
 59924 | Elf:3    | Reached skill level 10 in Translocations
 59947 | Elf:3    | Killed Mara
 60338 | Elf:3    | Got a polished hand axe
 60344 | Elf:3    | Identified the Papyrus of the Voyage
 60375 | Elf:3    | Identified the Compendium of the Beggar
 60936 | Lair:2   | Identified the cursed +0 hand axe of Honesty {elec, Int+2 Dex+4} (You found it on level 3 of the Elven Halls)
 60938 | Lair:2   | Identified the +5 hunting sling of Enading {velocity, Int+4} (You found it on level 2 of the Elven Halls)
 60939 | Lair:2   | Identified the +9 short sword of Utta {pierce, Str+3} (You found it on level 5 of the Lair of Beasts)
 60940 | Lair:2   | Identified the +4 mace "Ehoxkiph" {venom, rN+ MR- MP+9 Int+8} (You found it on level 2 of the Elven Halls)
 60954 | Lair:2   | Gained mutation: You are weak. (Str -2) [potion of mutation]
 60954 | Lair:2   | Gained mutation: You evolve. [potion of mutation]
 60954 | Lair:2   | Gained mutation: Scrolls take you a little longer to read. [potion of mutation]
 60955 | Lair:2   | Gained mutation: Your mind is acute. (Int +2) [potion of mutation]
 60955 | Lair:2   | Gained mutation: You rapidly evolve. [potion of mutation]
 60956 | Lair:2   | Gained mutation: You are very weak. (Str -4) [potion of mutation]
 60956 | Lair:2   | Gained mutation: Your mind is very acute. (Int +4) [potion of mutation]
 60957 | Lair:2   | Lost mutation: You are agile. (Dex +2) [potion of mutation]
 60957 | Lair:2   | Gained mutation: One of your tentacles bears a spike. [potion of mutation]
 60958 | Lair:2   | Lost mutation: You tend to lose your temper in combat. [potion of cure mutation]
 60958 | Lair:2   | Lost mutation: One of your tentacles bears a spike. [potion of cure mutation]
 60958 | Lair:2   | Lost mutation: You rapidly evolve. [potion of cure mutation]
 60959 | Lair:2   | Lost mutation: Scrolls take you a little longer to read. [potion of cure mutation]
 60959 | Lair:2   | Lost mutation: You evolve. [potion of cure mutation]
 60959 | Lair:2   | Lost mutation: You are very weak. (Str -4) [potion of cure mutation]
 60959 | Lair:2   | Lost mutation: Your mind is very acute. (Int +4) [potion of cure mutation]
 60959 | Lair:2   | Lost mutation: You are weak. (Str -2) [potion of cure mutation]
 61004 | Spider:1 | Entered Level 1 of the Spider Nest
 62255 | Spider:2 | You fall through a shaft!
 62297 | Spider:3 | Got a flickering iron amulet
 62298 | Spider:3 | Identified the amulet of Niqo {Faith Str+4 SInv} (You found it on level 3 of the Spider Nest)
 62512 | Spider:2 | Noticed Arachne
 62712 | Spider:2 | Killed Arachne
 63207 | Spider:2 | Reached skill level 18 in Conjurations
 63780 | Spider:3 | Identified the Incunabulum of Weightlessness (You found it on level 3 of the Spider Nest)
 64234 | Spider:4 | Entered Level 4 of the Spider Nest
 64374 | Spider:4 | Noticed Agnes
 64382 | Spider:4 | Killed Agnes
 64525 | Spider:4 | Noticed kasmir's ghost (journeyman MiBe)
 64529 | Spider:4 | Killed kasmir's ghost
 64653 | Spider:4 | Gained mutation: You can translocate small distances at will. [mutagenic meat]
 64770 | Spider:4 | Reached XP level 20. HP: 140/140 MP: 34/37
 66432 | Spider:4 | Gained mutation: Your body sometimes deteriorates upon taking damage. [mutagenic meat]
 66433 | Spider:4 | Gained mutation: You are partially covered in rough black scales (AC +4, Dex -1). [mutagenic meat]
 66653 | Spider:4 | Got a gossamer rune of Zot
 67123 | Shoals:1 | Entered Level 1 of the Shoals
 70036 | Shoals:4 | Entered Level 4 of the Shoals
 70437 | Shoals:4 | Reached XP level 21. HP: 99/148 MP: 12/38
 71405 | Shoals:4 | Noticed Polyphemus
 71437 | Shoals:4 | Killed Polyphemus
 71707 | Shoals:4 | Reached skill level 19 in Conjurations
 72316 | Shoals:4 | Got a barnacled rune of Zot
 72386 | Shoals:4 | Noticed Ilsuiw
 72403 | Shoals:4 | Killed Ilsuiw
 73279 | Shoals:4 | Identified Sif Muna's Volume of Supportive Sinister Rituals
 73284 | Shoals:4 | Learned a level 3 spell: Regeneration
 73756 | Shoals:4 | Reached skill level 15 in Earth Magic
 74245 | Vaults:1 | Entered Level 1 of the Vaults
 74245 | Vaults:1 | Found Yciekleu's General Store.
 74382 | Vaults:1 | Reached skill level 15 in Fighting
 75187 | Vaults:1 | Gained mutation: You expend magic power (3 MP) to strengthen your wands. [mutagenic glow]
 75394 | Vaults:1 | Reached skill level 1 in Evocations
 76292 | Vaults:2 | Found a staircase to the Crypt.
 76404 | Vaults:2 | Noticed Frederick
 76414 | Vaults:2 | Killed Frederick
 76414 | Vaults:2 | Reached skill level 5 in Stealth
 76414 | Vaults:2 | Reached XP level 22. HP: 95/158 MP: 16/39
 76560 | Vaults:2 | Found Qyuwe's Weapon Emporium.
 76912 | Vaults:2 | Reached skill level 5 in Evocations
 77457 | Vaults:2 | Found Qilloafoi's Gadget Emporium.
 77641 | Vaults:2 | Found Rycasos's Antique Armour Shoppe.
 77691 | Vaults:2 | Noticed Xtahua
 77787 | Vaults:2 | Killed Xtahua
 79828 | Vaults:3 | Upgraded the game from 0.17.0-26-gececa24 to 0.17.0-27-g4a3f43e
 79865 | Vaults:3 | Noticed Margery
 79878 | Vaults:3 | Killed Margery
 80739 | Vaults:3 | Noticed Norris
 80756 | Vaults:3 | Killed Norris
 80951 | Vaults:3 | Reached skill level 15 in Dodging
 80996 | Vaults:3 | Reached XP level 23. HP: 166/166 MP: 17/41
 81596 | Vaults:3 | Noticed Sojobo
 81621 | Vaults:3 | Killed Sojobo
 82079 | Vaults:3 | Reached skill level 20 in Conjurations
 82711 | Vaults:4 | Cast into the Abyss (a deep elf sorcerer)
 82785 | Abyss:1  | Found a corrupted altar of Lugonu.
 83234 | Abyss:1  | Found a radiant altar of Vehumet.
 83253 | Vaults:4 | Escaped the Abyss
 84663 | Lair:2   | Learned a level 4 spell: Alistair's Intoxication
 84668 | Lair:2   | Learned a level 4 spell: Fulminant Prism
 84871 | D:13     | Got a steaming dagger
 84872 | D:13     | Identified the +8 dagger "Qidut" {vamp, *Confuse Str+2 Int+4} (You found it on level 13 of the Dungeon)
 85243 | Vaults:5 | Entered Level 5 of the Vaults
 85248 | Vaults:5 | Reached XP level 24. HP: 175/175 MP: 22/41
 85255 | Vaults:5 | Noticed an ancient lich
 86060 | Vaults:5 | Noticed an ancient lich
 86093 | Vaults:5 | Reached skill level 15 in Spellcasting
 86208 | Vaults:5 | Killed an ancient lich
 86501 | Vaults:5 | Reached skill level 21 in Conjurations
 86880 | Vaults:5 | Got a silver rune of Zot
 87062 | Vaults:5 | Noticed an ancient lich
 87319 | Vaults:4 | Got a clouded silver ring
 87320 | Vaults:4 | Identified the ring "Ujeomur" {-Tele rPois rF+ rC+++ AC+1} (You took it off a fire giant on level 4 of the Vaults)
 87427 | Vaults:5 | Killed an ancient lich
 87439 | Vaults:5 | Reached XP level 25. HP: 132/182 MP: 19/42
 88017 | Vaults:5 | Found Ziruenut's Food Shop.
 88017 | Vaults:5 | Found Vyecaik's Distillery.
 88027 | Vaults:5 | Found Myquh's Food Boutique.
 88028 | Vaults:5 | Bought a potion of heal wounds for 85 gold pieces
 88028 | Vaults:5 | Bought a potion of magic for 136 gold pieces
 88058 | Vaults:5 | Found Yzybyerr's Food Emporium.
 88058 | Vaults:5 | Found Helop's Food Shop.
 88102 | Vaults:5 | Found Ywec's Magic Scroll Boutique.
 88102 | Vaults:5 | Found Kaem's Food Shoppe.
 88106 | Vaults:5 | Bought a scroll of identify for 40 gold pieces
 88106 | Vaults:5 | Bought a scroll of identify for 40 gold pieces
 88106 | Vaults:5 | Bought a scroll of identify for 40 gold pieces
 88112 | Vaults:5 | Found Zack's Magic Scroll Shop.
 88122 | Vaults:5 | Bought a scroll of blinking for 142 gold pieces
 88122 | Vaults:5 | Bought a scroll of identify for 38 gold pieces
 88122 | Vaults:5 | Bought a scroll of blinking for 142 gold pieces
 88211 | Vaults:5 | Killed an ancient lich
 89238 | D:15     | Found a shimmering altar of Xom.
 89492 | Depths:1 | Entered Level 1 of the Depths
 89816 | Depths:1 | Noticed Jorgrun
 89822 | Depths:1 | Killed Jorgrun
 89848 | Depths:1 | Found a gateway to Hell.
 90769 | Depths:2 | Noticed a juggernaut
 91298 | Depths:2 | Killed a juggernaut
 91430 | Depths:2 | Noticed Saint Roka
 91439 | Depths:2 | Killed Saint Roka
 91614 | Depths:2 | Found a one-way gate leading to the halls of Pandemonium.
 91697 | Depths:2 | Reached skill level 5 in Necromancy
 92084 | Depths:3 | Reached XP level 26. HP: 190/190 MP: 16/43
 92643 | Depths:3 | Noticed Jory
 92666 | Depths:3 | Killed Jory
 92878 | Depths:3 | Reached skill level 22 in Conjurations
 93298 | Depths:3 | Learned a level 5 spell: Iskenderun's Battlesphere
 93995 | Depths:4 | Noticed a juggernaut
 94007 | Depths:4 | Killed a juggernaut
 95038 | Depths:4 | Reached XP level 27. HP: 159/198 MP: 16/44
 95192 | Depths:4 | Found a one-way gate to the infinite horrors of the Abyss.
 95329 | Depths:4 | Noticed Louise
 95335 | Depths:4 | Killed Louise
 95587 | Depths:5 | Entered Level 5 of the Depths
 95714 | Depths:5 | Found a gate to the Realm of Zot.
 95905 | Depths:5 | Learned a level 5 spell: Lee's Rapid Deconstruction
 96060 | Depths:5 | Found a gateway to a ziggurat.
 96182 | Depths:5 | Noticed a juggernaut
 96272 | Depths:5 | Killed a juggernaut
 97515 | Lair:2   | Learned a level 6 spell: Deflect Missiles
 97641 | Slime:1  | Entered Level 1 of the Pits of Slime
 98257 | Slime:6  | Entered Level 6 of the Pits of Slime
 99128 | Slime:6  | Found a viscous altar of Jiyva.
 99272 | Slime:6  | Noticed the royal jelly
100363 | Lair:2   | Learned a level 6 spell: Freezing Cloud
100387 | Lair:2   | Learned a level 3 spell: Gell's Gravitas
100801 | Slime:6  | Killed the royal jelly
100801 | Slime:6  | Reached skill level 1 in Ice Magic
101371 | Slime:6  | Identified the Volume of Changing and Orientation
101414 | Slime:6  | Got a pitted blowgun
101477 | Slime:6  | Got a brightly glowing falchion
101482 | Slime:6  | Identified Rirajuan's Incunabulum of Attacks (You found it on level 6 of the Pits of Slime)
101557 | Slime:6  | Identified the Grimoire of Confrontation and Fire
101572 | Slime:6  | Got a slimy rune of Zot
101667 | Slime:2  | Gained mutation: You are frail (-10% HP). [a shining eye]
101670 | Slime:2  | Gained mutation: You are clumsy. (Dex -2) [a shining eye]
101930 | Slime:3  | Gained mutation: Your body often deteriorates upon taking damage. [a shining eye]
101931 | Slime:3  | Gained mutation: You are very frail (-20% HP). [a shining eye]
102073 | Lair:2   | Identified the cursed +1 blowgun of the Kidney {speed, +Fly Int-4 Dex+4 SInv} (You found it on level 6 of the Pits of Slime)
102080 | Lair:2   | Identified the +10 falchion "Sityhuiz" {slice, rF+ MR- MP+9} (You found it on level 6 of the Pits of Slime)
102086 | Lair:2   | Drew Focus: Int increased to 32, Str decreased to 6
102090 | Lair:2   | Gained mutation: You are very clumsy. (Dex -4) [helix card]
102092 | Lair:2   | Drew Focus: Int increased to 33, Str decreased to 5
102125 | Lair:2   | Lost mutation: You expend magic power (3 MP) to strengthen your wands. [potion of mutation]
102126 | Lair:2   | Lost mutation: Your body often deteriorates upon taking damage. [potion of mutation]
102126 | Lair:2   | Gained mutation: You occasionally shout uncontrollably at your foes. [potion of mutation]
102126 | Lair:2   | Lost mutation: You are partially covered in rough black scales (AC +4, Dex -1). [potion of mutation]
102127 | Lair:2   | Gained mutation: Scrolls take you a little longer to read. [potion of mutation]
102128 | Lair:2   | Lost mutation: Your body sometimes deteriorates upon taking damage. [potion of cure mutation]
102128 | Lair:2   | Lost mutation: You are very frail (-20% HP). [potion of cure mutation]
102128 | Lair:2   | Lost mutation: You are frail (-10% HP). [potion of cure mutation]
102129 | Lair:2   | Lost mutation: Your mind is acute. (Int +2) [potion of cure mutation]
102129 | Lair:2   | Lost mutation: Scrolls take you a little longer to read. [potion of cure mutation]
102129 | Lair:2   | Lost mutation: You are very clumsy. (Dex -4) [potion of cure mutation]
102129 | Lair:2   | Lost mutation: You can translocate small distances at will. [potion of cure mutation]
102129 | Lair:2   | Lost mutation: You occasionally shout uncontrollably at your foes. [potion of cure mutation]
102129 | Lair:2   | Lost mutation: You are clumsy. (Dex -2) [potion of cure mutation]
102130 | Lair:2   | Gained mutation: You are partially covered in large bone plates (AC +2, SH +2). [potion of beneficial mutation]
102131 | Lair:2   | Gained mutation: One of your tentacles bears a spike. [potion of beneficial mutation]
102328 | D:9      | Bought a potion of beneficial mutation for 350 gold pieces
102328 | D:9      | Bought a potion of cancellation for 80 gold pieces
102328 | D:9      | Bought a potion of curing for 30 gold pieces
102328 | D:9      | Gained mutation: One of your tentacles bears a nasty spike. [potion of beneficial mutation]
102656 | D:9      | Killed Gastronok
103257 | Crypt:1  | Entered Level 1 of the Crypt
103429 | Crypt:1  | Noticed Wiglaf
103436 | Crypt:1  | Killed Wiglaf
104223 | Crypt:2  | Reached skill level 5 in Ice Magic
104466 | Crypt:2  | Upgraded the game from 0.17.0-27-g4a3f43e to 0.17.0-28-g6e173f8
104469 | Crypt:3  | Entered Level 3 of the Crypt
104618 | Crypt:3  | Reached skill level 10 in Stealth
104904 | Crypt:3  | Reached skill level 23 in Conjurations
105236 | Crypt:3  | Found a staircase to the Tomb.
105347 | Crypt:3  | Got a heavily runed amber ring
105348 | Crypt:3  | Identified the ring "Aleim" {rF- rN+ Str+6 Int+7} (You took it off an ancient champion on level 3 of the Crypt)
105363 | Crypt:3  | Noticed an ancient lich
105492 | Crypt:3  | Killed an ancient lich
105508 | Crypt:3  | Got a coiled platinum ring
105509 | Crypt:3  | Identified the ring "Buti" {rN+ Int+4} (You found it on level 3 of the Crypt)
105523 | Crypt:3  | Got a bound brass ring
105524 | Crypt:3  | Identified the ring "Exkeraor" {rElec rC+ MP+9 Int+4} (You found it on level 3 of the Crypt)
105542 | Crypt:3  | Identified a +4 rod of destruction (13/13) (You found it on level 3 of the Crypt)
105582 | Tomb:1   | Entered Level 1 of the Tomb of the Ancients
106698 | Tomb:2   | Noticed an ancient lich
108972 | Tomb:2   | Killed an ancient lich
109520 | Tomb:3   | Entered Level 3 of the Tomb of the Ancients
109924 | Tomb:3   | Noticed Khufu
110029 | Tomb:3   | Noticed an ancient lich
110716 | Vaults:5 | Bought a potion of brilliance for 68 gold pieces
110716 | Vaults:5 | Bought a potion of agility for 68 gold pieces
110716 | Vaults:5 | Bought a potion of curing for 51 gold pieces
111139 | Orc:4    | Bought a potion of heal wounds for 85 gold pieces
111139 | Orc:4    | Bought a potion of curing for 51 gold pieces
111139 | Orc:4    | Bought a potion of curing for 51 gold pieces
111139 | Orc:4    | Bought a potion of curing for 51 gold pieces
111365 | Elf:3    | Bought a potion of curing for 30 gold pieces
111705 | Lair:2   | Learned a level 9 spell: Shatter
112496 | Tomb:3   | Reached skill level 10 in Ice Magic
112498 | Tomb:3   | Killed Khufu
112817 | Tomb:3   | Killed an ancient lich
113098 | Tomb:3   | Got a transparent buckler
113108 | Tomb:3   | Identified the +1 buckler "Peec Tof" {rPois rCorr SInv} (You found it on level 3 of the Tomb of the Ancients)
113163 | Tomb:3   | Got a coiled crystal amulet
113164 | Tomb:3   | Identified the amulet of the Gloaming {Inacc rF++ rN++ Int-5} (You found it on level 3 of the Tomb of the Ancients)
113167 | Tomb:3   | Got an encrusted hand axe
113193 | Tomb:3   | Got a coiled platinum amulet
113194 | Tomb:3   | Identified the amulet of Bodily Harmony {Stasis *Contam Str+3 Dex+6 Stlth+} (You found it on level 3 of the Tomb of the Ancients)
113201 | Tomb:3   | Got a heavily runed brass ring
113202 | Tomb:3   | Identified the ring "Cemutil" {rF+ MR- Str+6 Stlth+} (You found it on level 3 of the Tomb of the Ancients)
113205 | Tomb:3   | Got a jewelled mace
113215 | Tomb:3   | Identified Lehudib's Volume of Scorching Battle Magic
113218 | Tomb:3   | Identified Ricun's Early Guide to Thaumaturgy
113224 | Tomb:3   | Got a shimmering war axe
113243 | Tomb:3   | Got a bloodstained war axe
113256 | Tomb:3   | Identified the +8 hand axe of the Orcish Mines {flame, rF+} (You found it on level 3 of the Tomb of the Ancients)
113257 | Tomb:3   | Identified the +9 mace of Umuil {holy, +Inv Str+4 Dex-5} (You found it on level 3 of the Tomb of the Ancients)
113258 | Tomb:3   | Identified the cursed +3 war axe of the Open Hand {pain, Str+3 Dex+2} (You found it on level 3 of the Tomb of the Ancients)
113259 | Tomb:3   | Identified the +5 war axe "Ronted" {vamp, MR+} (You found it on level 3 of the Tomb of the Ancients)
113329 | Tomb:3   | Got a golden rune of Zot
114364 | Zot:1    | Entered Level 1 of the Realm of Zot
114403 | Zot:1    | Reached skill level 1 in Shields
115868 | Zot:2    | Got a shimmering great mace
116153 | Zot:3    | Reached skill level 5 in Shields
116263 | Zot:3    | Reached skill level 24 in Conjurations
116280 | Zot:3    | Paralysed by the power of Zot for 4 turns
116282 | Zot:3    | Mangled by an ettin

Action                   |  1- 3 |  4- 6 |  7- 9 | 10-12 | 13-15 | 16-18 | 19-21 | 22-24 | 25-27 || total
-------------------------+-------+-------+-------+-------+-------+-------+-------+-------+-------++-------
Melee: Unarmed           |    22 |    51 |       |       |       |       |       |       |       ||    73
       Quarterstaff      |       |     3 |       |       |       |       |       |       |       ||     3
       Dagger            |       |       |    60 |    46 |    65 |     4 |       |       |       ||   175
       Staff             |       |       |       |       |       |    12 |    21 |    38 |    22 ||    93
       Short sword       |       |       |       |       |       |       |     3 |     1 |    10 ||    14
       Quick blade       |       |       |       |       |       |       |       |       |     5 ||     5
 Fire: Blowgun           |       |     2 |    36 |    28 |   148 |       |       |       |       ||   214
Throw: Throwing net      |       |       |       |       |     1 |       |     3 |    12 |       ||    16
 Cast: Magic Dart        |    86 |   196 |   472 |   861 |  1308 |   470 |   309 |   207 |   492 ||  4401
       Blink             |       |     7 |    15 |    36 |    92 |    27 |    19 |    15 |    52 ||   263
       Mephitic Cloud    |       |     1 |    15 |    62 |   133 |    13 |    32 |    30 |    28 ||   314
       Repel Missiles    |       |     1 |     2 |     1 |     2 |     5 |     4 |     8 |     4 ||    27
       Call Imp          |       |     7 |    20 |    13 |     1 |       |       |       |       ||    41
       Slow              |       |       |     2 |    23 |    11 |       |       |       |       ||    36
       Sublimation of Bl |       |       |       |     2 |   184 |   205 |   326 |   551 |   781 ||  2049
       Irradiate         |       |       |       |     1 |    15 |     8 |    20 |    10 |    20 ||    74
       Throw Icicle      |       |       |       |       |   112 |       |       |       |       ||   112
       Ozocubu's Armour  |       |       |       |       |    38 |    44 |    48 |    47 |   125 ||   302
       Petrify           |       |       |       |       |     2 |       |       |       |    20 ||    22
       Sticks to Snakes  |       |       |       |       |    18 |       |       |       |       ||    18
       Iskenderun's Myst |       |       |       |       |    17 |   207 |   284 |   130 |   142 ||   780
       Iron Shot         |       |       |       |       |    16 |   295 |   445 |   522 |   978 ||  2256
       Phase Shift       |       |       |       |       |       |     7 |     9 |    13 |    19 ||    48
       Stoneskin         |       |       |       |       |       |     2 |       |       |     1 ||     3
       Apportation       |       |       |       |       |       |     1 |    33 |    17 |    42 ||    93
       Regeneration      |       |       |       |       |       |       |    41 |   177 |   383 ||   601
       Alistair's Intoxi |       |       |       |       |       |       |       |     3 |       ||     3
       Fulminant Prism   |       |       |       |       |       |       |       |     3 |     8 ||    11
       Lee's Rapid Decon |       |       |       |       |       |       |       |       |   288 ||   288
       Iskenderun's Batt |       |       |       |       |       |       |       |       |   129 ||   129
       Gell's Gravitas   |       |       |       |       |       |       |       |       |     9 ||     9
       Freezing Cloud    |       |       |       |       |       |       |       |       |     8 ||     8
       Shatter           |       |       |       |       |       |       |       |       |     5 ||     5
       Deflect Missiles  |       |       |       |       |       |       |       |       |     3 ||     3
Invok: Shadow Step       |       |       |       |       |     2 |       |       |       |       ||     2
 Abil: Evoke Flight      |       |       |       |       |     2 |     2 |       |       |       ||     4
       Evoke Teleportati |       |       |       |       |       |       |     2 |       |    27 ||    29
       Blink             |       |       |       |       |       |       |     1 |       |       ||     1
Evoke: Wand              |       |     1 |     9 |     7 |    14 |     3 |     1 |     2 |     4 ||    41
       Staff of energy   |       |       |       |       |       |       |       |       |    17 ||    17
       Deck              |       |       |       |       |       |       |       |       |     7 ||     7
       Phial of floods   |       |       |       |       |       |       |       |       |     1 ||     1
  Use: Scroll            |       |     7 |     6 |    11 |    18 |    22 |    10 |     6 |    51 ||   131
       Potion            |       |     1 |     4 |     6 |     9 |    14 |    29 |     7 |    30 ||   100
 Stab: Confused          |       |     3 |     2 |     1 |    17 |       |       |     1 |     4 ||    28
       Sleeping          |       |     3 |     1 |     4 |    10 |       |     1 |     1 |     4 ||    24
       Distracted        |       |       |       |       |     1 |       |       |     1 |     1 ||     3
  Eat: Chunk             |     3 |    11 |     9 |     8 |    44 |    58 |    69 |    65 |    36 ||   303
       Pizza             |       |     1 |       |       |     1 |     1 |     3 |       |     1 ||     7
       Bread ration      |       |       |     2 |     2 |     1 |     2 |     7 |     4 |    14 ||    32
       Beef jerky        |       |       |     1 |     1 |     2 |     6 |     1 |     2 |     8 ||    21
       Meat ration       |       |       |       |     1 |       |    10 |     2 |     4 |     5 ||    22
       Royal jelly       |       |       |       |     2 |       |       |     2 |       |       ||     4
       Fruit             |       |       |       |     3 |    14 |       |     4 |       |     4 ||    25
